 Dungeon Crawl Stone Soup version 0.29-a0-119-g4040846114 (webtiles) character file.

Game seed: 15582152607430845402

3496 cyrus the Basher (level 10, -1/51 HPs)
             Began as a Vine Stalker Fighter on Feb 20, 2022.
             Was an Initiate of Yredelemnul.
             Killed by divine providence
             ... invoked by an orc priest
              (8 damage)
             ... on level 9 of the Dungeon.
             The game lasted 00:17:24 (7641 turns).

cyrus the Basher (Vine Stalker Fighter)             Turns: 7641, Time: 00:17:24

Health: -1/51      AC: 16    Str: 19    XL:     10   Next: 7%
Magic:  0/11       EV: 14    Int: 12    God:    Yredelemnul [......]
Gold:   440        SH:  7    Dex: 26    Spells: 9/9 levels left

rFire   . . .      SeeInvis .   f - +2 mace (vorpal)
rCold   . . .      Faith    .   c - +0 buckler
rNeg    . . .      Spirit   +   p - +2 ring mail {Will+}
rPois   .          Reflect  .   y - +2 helmet
rElec   .          Harm     .   H - +2 cloak
rCorr   .          Rampage  .   l - +1 pair of gloves
Will    ++...                   (no boots)
Stlth   +++.......              z - amulet of regeneration
HPRegen 1.77/turn               h - +6 ring of dexterity
MPRegen 0.12/turn               i - +6 ring of dexterity

@: lethally poisoned (-1 -> -1), studying Dodging
A: fangs 3, regeneration 1, magic shield, antimagic bite, no potion heal 2
a: Renounce Religion, Recall Undead Harvest


You were on level 9 of the Dungeon.
You worshipped Yredelemnul.
Yredelemnul was noncommittal.
You visited 1 branch of the dungeon, and saw 9 of its levels.

You collected 440 gold pieces.

Inventory:

Hand Weapons
 a - a +0 war axe
 f - a +2 vorpal mace (weapon)
Armour
 b - a +0 scale mail
 c - a +0 buckler (worn)
 l - a +1 pair of gloves (worn)
 p - a +2 ring mail of willpower (worn)
 y - a +2 helmet (worn)
 H - a +2 cloak (worn)
Jewellery
 h - a +6 ring of dexterity (left hand)
 i - a +6 ring of dexterity (right hand)
 j - a ring of magical power
 z - an amulet of regeneration (around neck)
 F - an amulet of the acrobat
 G - a ring of willpower
Wands
 d - a wand of acid (10)
 x - a wand of flame (27)
 A - a wand of iceblast (9)
 N - a wand of charming (5)
Scrolls
 m - a scroll of brand weapon {unknown}
 n - 2 scrolls of blinking
 q - a scroll of torment
 r - 2 scrolls of enchant armour {unknown}
 s - 2 scrolls of noise {unknown}
 t - a scroll of identify {unknown}
 u - 4 scrolls of amnesia {unknown}
 v - a scroll of summoning {unknown}
 w - 2 scrolls of enchant weapon {unknown}
 B - 3 scrolls of teleportation {unknown}
 E - a scroll of immolation {unknown}
 I - a scroll of vulnerability {unknown}
 O - a scroll of fog {unknown}
Potions
 e - a potion of mutation {unknown}
 g - 4 potions of curing {unknown}
 k - 3 potions of haste {unknown}
 o - 2 potions of resistance {unknown}
 C - 2 potions of flight {unknown}
 D - a potion of attraction {unknown}
 J - a potion of berserk rage {unknown}
 K - 2 potions of invisibility {unknown}
 L - a potion of ambrosia {unknown}
 M - a potion of brilliance {unknown}


   Skills:
 + Level 4.7 Fighting
 + Level 2.1(5.7) Axes
 + Level 8.3(8.5) Maces & Flails
 + Level 5.4 Armour
 + Level 4.4 Dodging
 + Level 5.3 Stealth
 + Level 4.3 Shields
 + Level 0.6 Invocations
 + Level 0.8 Evocations


You had 9 spell levels left.
You didn't know any spells.
Your spell library contained the following spells:

 Spells                   Type           Power      Damage    Failure   Level
 Animate Skeleton         Necr           0%         N/A       56%         1
 Beastly Appendage        Tmut           0%         N/A       56%         1
 Pain                     Necr           0%         1d4       56%         1
 Wereblood                Tmut           0%         N/A       71%         2
 Ozocubu's Armour         Ice            0%         N/A       91%         3
 Spider Form              Tmut/Pois      0%         N/A       91%         3
 Vampiric Draining        Necr           0%         2d6       91%         3
 Cause Fear               Hex            0%         N/A       100%        4
 Passage of Golubria      Tloc           0%         N/A       100%        4
 Metabolic Englaciation   Hex/Ice        0%         N/A       100%        5
 Silence                  Hex/Air        0%         N/A       100%        5
 Simulacrum               Ice/Necr       0%         N/A       100%        6
 Dragon Form              Tmut           0%         N/A       100%        7
 Lehudib's Crystal Spear  Conj/Erth      0%         10d2      100%        8
 Dragon's Call            Summ           0%         N/A       100%        9


Dungeon Overview and Level Annotations

Branches:
Dungeon (9/15)             Temple (0/1) D:6
   Lair: D:8-11         Orc: D:9-12

Altars:
Elyvilon
Fedhas
Hepliaklqana
Qazlal
Ru
Vehumet
Yredelemnul
Zin


Innate Abilities, Weirdness & Mutations

You have razor-sharp teeth.
Your natural rate of healing is unusually fast.
When hurt, damage is shared between your health and your magic reserves.
Your bite disrupts and absorbs the magic of your enemies.
Potions cannot restore your health.


Message History

Beogh smites you!
* * * LOW HITPOINT WARNING * * *
The killer bee stings you but does no damage.
You miss the killer bee.
The killer bee is severely wounded.
You feel sick.
You are no longer poisoned.
The killer bee stings you.
* * * LOW HITPOINT WARNING * * *
The orc priest looks satisfied for a moment.
The killer bee stings you but does no damage.
The killer bee stings you but does no damage.
The killer bee stings you but does no damage.
The orc priest calls down the wrath of Beogh upon you.
Beogh smites you!
* * * LOW HITPOINT WARNING * * *
The killer bee misses you. The killer bee stings you.
* * * LOW HITPOINT WARNING * * *
You are poisoned.
The killer bee poisons you!
You feel sick.
The orc priest casts a cantrip, but nothing happens.
The killer bee barely misses you.
You hit the killer bee.
You kill the killer bee!
A black mist starts to gather...
You feel sick.
Unknown command.
You feel sick.
You feel sick.
You feel sick.
The orc priest hits you with a +0 dagger.
* * * LOW HITPOINT WARNING * * *
Your killer bee zombie barely misses the orc priest.
You feel sick.
Your killer bee zombie barely misses the orc priest.
The orc priest invokes the aid of Beogh against you.
Beogh smites you!
You die...
Your body rises from the dead as a mindless zombie.

##############
#............# #
#...≈........# .#
#...≈≈≈......##..#
#...≈≈≈...@......#
#...≈≈≈......###..
#.≈≈≈≈(..oZ..#
#######.≈≈≈≈.<.....###
#....................+
#.........############
#.).......#
..........#
...########


You could see an orc priest (ally target) and a friendly killer bee zombie.

Vanquished Creatures
  3 trolls
  2 water moccasins
  2 ice beasts
  5 black bears
  2 ogres (D:6)
  4 centaurs
  2 kobold brigands (D:8)
  4 scorpions
  A gnoll sergeant (D:8)
  2 water moccasin skeletons
  3 killer bees (D:9)
  A howler monkey (D:7)
  A bullfrog zombie (D:6)
  2 bullfrog skeletons (D:7)
  2 hounds
  3 orc wizards
  A hound skeleton (D:4)
  10 adders
  5 gnolls (D:8)
  A howler monkey skeleton (D:6)
  A shadow imp (D:8)
  4 white imps
  An ufetubus (D:6)
  9 orcs
  3 endoplasms
  A giant cockroach (D:1)
  2 goblins
  5 hobgoblins
  3 quokkas
  12 ball pythons
  6 bats
  5 frilled lizards
  15 kobolds
  5 rats
128 creatures vanquished.

Vanquished Creatures (collateral kills)
  A water moccasin (D:6)
  An ogre (D:5)
  A howler monkey (D:7)
  A bullfrog zombie (D:3)
  A centaur skeleton (D:4)
  2 orc wizards (D:9)
  An adder (D:3)
  5 orcs
  An endoplasm (D:3)
  A bat (D:3)
  A frilled lizard (D:3)
  A kobold (D:8)
17 creatures vanquished.

Vanquished Creatures (others)
  A water moccasin zombie (D:7)
  A troll zombie (D:9)
  A spectral ice beast (D:6)
  3 centaur zombies
  A black bear zombie (D:6)
  An ogre zombie (D:6)
  A hound zombie (D:7)
  An adder zombie (D:5)
  A spectral white imp (D:8)
  A frilled lizard zombie (D:3)
  4 kobold zombies (D:8)
  5 orc zombies
  A spectral endoplasm (D:3)
22 creatures vanquished.

Grand Total: 167 creatures vanquished

Notes
Turn   | Place    | Note
-------+----------+-------------------------------------------
     0 | D:1      | cyrus the Vine Stalker Fighter began the quest for the Orb.
     0 | D:1      | Reached XP level 1. HP: 11/11 MP: 2/2
   636 | D:1      | Reached XP level 2. HP: 16/16 MP: 3/3
  1503 | D:2      | Reached XP level 3. HP: 19/19 MP: 4/4
  1607 | D:2      | Found a basalt altar of Yredelemnul.
  1710 | D:2      | Became a worshipper of Yredelemnul the Dark
  2236 | D:3      | Reached skill level 1 in Maces & Flails
  2236 | D:3      | Gained mutation: Your natural rate of healing is unusually
                  | fast. [Vine Stalker growth]
  2236 | D:3      | Reached XP level 4. HP: 23/23 MP: 5/5
  2269 | D:3      | Reached skill level 1 in Stealth
  2631 | D:3      | Reached * piety under Yredelemnul
  2738 | D:3      | Reached ** piety under Yredelemnul
  2802 | D:3      | Reached XP level 5. HP: 28/28 MP: 6/6
  2949 | D:3      | Found a glowing silver altar of Zin.
  3108 | D:4      | Reached skill level 2 in Maces & Flails
  3216 | D:4      | Reached skill level 1 in Dodging
  3216 | D:4      | Reached XP level 6. HP: 30/32 MP: 5/7
  3895 | D:5      | Entered Level 5 of the Dungeon
  3933 | D:5      | Found a sacrificial altar of Ru.
  3937 | D:5      | Noticed a black bear
  3945 | D:5      | Killed a black bear
  3946 | D:5      | Reached skill level 3 in Maces & Flails
  4013 | D:5      | Reached XP level 7. HP: 35/36 MP: 6/8
  4120 | D:5      | Found a white marble altar of Elyvilon.
  4190 | D:5      | Reached skill level 4 in Maces & Flails
  4982 | D:6      | Gained mutation: You have razor-sharp teeth. [Vine Stalker
                  | growth]
  4982 | D:6      | Reached XP level 8. HP: 42/42 MP: 9/9
  4989 | D:6      | Found a staircase to the Ecumenical Temple.
  4997 | D:6      | Reached skill level 5 in Maces & Flails
  5332 | D:6      | Found a stormy altar of Qazlal.
  5610 | D:6      | Reached skill level 6 in Maces & Flails
  5857 | D:7      | Reached XP level 9. HP: 45/45 MP: 10/10
  6201 | D:7      | Noticed a troll
  6222 | D:7      | Killed a troll
  6223 | D:7      | Reached skill level 7 in Maces & Flails
  6223 | D:7      | Reached skill level 5 in Armour
  6845 | D:8      | Found a blossoming altar of Fedhas.
  6965 | D:8      | Found a radiant altar of Vehumet.
  7032 | D:8      | Noticed a troll
  7047 | D:8      | Killed a troll
  7048 | D:8      | Reached skill level 5 in Stealth
  7207 | D:8      | Reached *** piety under Yredelemnul
  7464 | D:8      | Found a hazy altar of Hepliaklqana.
  7558 | D:9      | Noticed a troll
  7571 | D:9      | Killed a troll
  7572 | D:9      | Reached skill level 8 in Maces & Flails
  7572 | D:9      | Reached XP level 10. HP: 51/51 MP: 11/11
  7641 | D:9      | Killed from afar by an orc priest

Illustrated notes

Levels and vault maps discovered:
D:1:      ncdulo_wetmaze, layout_rooms
D:2:      layout_loops_corners, basic_altar, minmay_fountain_box
D:3:      layout_loops_ring, zin_treasury, minmay_snake_closets
D:4:      layout_basic
D:5:      layout_loops_ring, kennysheep_little_box,
          nicolae_ru_sacrificial_ziggurat
D:6:      layout_loops_ring, nicolae_qazlal_scattered_showers, temple_hall
D:7:      layout_loops_ring, grunt_decor_clamped, minmay_manual_mail
D:8:      layout_loops_ring, nicolae_overflow_crystal_walls, old_standard_altar,
          mainiacjoe_overflow_alcove_4
D:9:      layout_basic, nicolae_overflow_hidden_temple, tso_oasis_becter,
          enter_bailey_4

Skill      XL: |  1  2  3  4  5  6  7  8  9 |
---------------+----------------------------+-----
Axes           | 2 |  2.1
Armour         | 3 4 5 |  5.4
Shields        | 3 4 |  4.3
Maces & Flails | 1 2 3 4 6 8 |  8.3
Stealth        | 1 2 5 |  5.3
Fighting       | 3 4 |  4.7
Dodging        | 1 2 3 4 |  4.4
Invocations    | |  0.6
Evocations     | |  0.8

Action                   |  1- 3 |  4- 6 |  7- 9 | 10-12 || total
-------------------------+-------+-------+-------+-------++-------
Melee: War axe           |    26 |       |       |       ||    26
       Bite              |    22 |    13 |    69 |     4 ||   108
       Mace              |    78 |    53 |   225 |    11 ||   367
Invok: Dark Bargain      |       |     1 |       |       ||     1
       Recall Undead Har |       |       |     3 |       ||     3
Evoke: Wand              |       |       |     5 |     2 ||     7
  Use: Scroll            |       |     2 |       |       ||     2
       Potion            |       |     1 |     1 |       ||     2
 Stab: Sleeping          |       |     1 |     4 |       ||     5
       Distracted        |       |       |     2 |       ||     2
Armor: Scale mail        |    62 |     2 |       |       ||    64
       Ring mail         |       |    24 |   119 |    18 ||   161
Dodge: Dodged            |    65 |    28 |   151 |    35 ||   279
Block: Buckler           |    37 |    14 |    80 |    21 ||   152

Table legend: (Time is in decaauts)
 A = Elapsed time spent in this place.
 B = Non-inter-level travel time spent in this place.
 C = Inter-level travel time spent in this place.
 D = Time resting spent in this place.
 E = Time spent auto-exploring this place.
 F = Levels seen in this place.
 G = Mean time per level.
                   A        B        C        D        E       F      G
               +--------+--------+--------+--------+--------+-----+--------+
         Total |   7729 |   7370 |    359 |    733 |   5091 |   9 |  858.8 |
       Dungeon |   7729 |   7370 |    359 |    733 |   5091 |   9 |  858.8 |
               +--------+--------+--------+--------+--------+-----+--------+

Top non-repeatable levels by time:
     D:1: 1195 daAuts
     D:8: 1093 daAuts
     D:3: 1014 daAuts
     D:5: 1003 daAuts
     D:2: 948 daAuts
     D:6: 811 daAuts
     D:4: 795 daAuts
     D:7: 775 daAuts
     D:9: 90 daAuts
